 Dungeon Crawl Stone Soup version 0.30.0-29-ga12c61a403 (webtiles) character file.

Game seed: 6928645316621939894

99 qw the Chopper (level 4, -1/28 HPs)
             Began as a Gargoyle Fighter on June 4, 2023.
             Killed from afar by Natasha (14 damage)
             ... with a bolt of light
             ... on level 2 of the Dungeon.
             The game lasted 00:00:45 (1068 turns).

qw the Chopper (Gargoyle Fighter)                   Turns: 1068, Time: 00:00:46

Health: -1/28      AC: 10    Str: 22    XL:     4   Next: 72%
Magic:  4/4        EV:  9    Int:  8    God:
Gold:   72         SH:  0    Dex:  9    Spells: 3/3 levels left

rFire   . . .        Y - +0 war axe
rCold   . . .        c - +0 buckler
rNeg    + . .        b - +0 scale mail
rPois   inf          (no helmet)
rElec   +            (no cloak)
rCorr   .            (no gloves)
SInv    +            (no boots)
Will    +....        (no amulet) Stlth
                     e - ring of see invisible
HPRegen 0.24/turn    k - ring of willpower
MPRegen 0.09/turn

%: no passive effects
@: confused
A: sickness immunity, AC +3, negative energy resistance 1, electricity
resistance, torment resistance 1, petrification resistance
a: no special abilities


You were on level 2 of the Dungeon.
You visited 1 branch of the dungeon, and saw 2 of its levels.

You collected 72 gold pieces.


Innate Abilities, Weirdness & Mutations

You are immune to sickness and miasma.
Your stone body is resilient. (AC +3)
You are immune to poison.
You resist negative energy. (rN+)
You are resistant to electric shocks. (rElec)
You are resistant to unholy torment.
You are immune to petrification.


   Skills:
 - Level 3.2 Fighting
 + Level 4.3 Axes
 - Level 3.2 Armour
 - Level 3.2 Shields


You had 3 spell levels left.
You didn't know any spells.
Your spell library was empty.

Inventory:

Hand Weapons
 j - a +0 whip
 Y - a +0 war axe (weapon)
Armour
 b - a +0 scale mail (worn)
 c - a +0 buckler (worn)
 i - a +0 plate armour
Jewellery
 e - a ring of see invisible (left hand)
 k - a ring of willpower (right hand)
Scrolls
 a - a scroll of identify
 n - a scroll of vulnerability {unknown}
 o - a scroll of immolation {unknown}
 p - a scroll of acquirement {unknown}
Potions
 d - a potion of might
 f - a potion of lignification {unknown}
 g - a potion of heal wounds {unknown}
 h - a potion of brilliance {unknown}
 l - 4 potions of curing {unknown}
 m - a potion of mutation {unknown}

Dungeon Overview and Level Annotations

Branches:
Dungeon (2/15)

Altars:

Annotations:
D:2 Natasha


Message History

Enter note:
Enter note:
Enter note:
Enter note: Natasha stares at you and mumbles some strange words.
The magic dart hits you.
Enter note:
Enter note:
Enter note:
Enter note: Natasha mumbles some strange words.
Natasha shimmers violently.
Natasha barely misses you.
Enter note:
Enter note:
Enter note:
Enter note: You slash Natasha!
Natasha is almost dead.
Natasha claws you but does no damage.
You completely miss Natasha.
Natasha is almost dead.
Natasha stares at you and mumbles some strange words.
The magic dart hits you.
You completely miss Natasha.
Natasha is almost dead.
Natasha zaps a wand.
The bolt of light hits you!
You are confused.
Natasha misses you. Natasha casts a spell at you.
You resist with almost no effort. Natasha claws you but does no damage.
You feel less confused. Natasha closely misses you.
You barely miss Natasha.
Natasha is almost dead.
Natasha zaps a wand.
The bolt of light hits you!
You are confused.
Ouch! That really hurt!
You die...

##..####....######
..................
.......#.....####
.......#>....# .
.......#####.# #..
.......## #.# ###..
###.....# #.# ...
###.###.####.# ##h#
........#....###@.##.#
##....###.##.........#
.#........#......#####
...##.####...#...#
................## #..
.#.#....#......## #..
.........%...#.# #...
.#.#..>.#....#.#
#...#####
#.....###.....#
#.......####


You could see Natasha.

Vanquished Creatures
  Jessica (D:2)
  Natasha (D:2)
  An adder (D:2)
  A dart slug (D:1)
  4 ball pythons
  An endoplasm (D:1)
  3 goblins
  5 hobgoblins
  3 jackals (D:2)
  2 quokkas
  4 bats
  2 frilled lizards (D:1)
  6 kobolds (D:1)
  4 rats
38 creatures vanquished.

Notes
Turn   | Place    | Note
-------+----------+-------------------------------------------
     0 | D:1      | qw the Gargoyle Fighter began the quest for the Orb.
     0 | D:1      | Reached XP level 1. HP: 14/14 MP: 1/1
     0 | D:1      | 0 ||| qw: Version: 0.2-a-107-g4668610
     0 | D:1      | 0 ||| qw: Game counter: 1305
     0 | D:1      | 0 ||| qw: Always use a shield: true
     0 | D:1      | 0 ||| qw: God list: Okawaru
     0 | D:1      | 0 ||| qw: Allow faded altars: false
     0 | D:1      | 0 ||| qw: Do Orc after D:15 true
     0 | D:1      | 0 ||| qw: Do second Lair branch before Depths: true
     0 | D:1      | 0 ||| qw: Lair rune preference: random
     0 | D:1      | 0 ||| qw: Plans: Normal, Zot:1-4, Slime:5, God:TSO, Crypt,
                  | Tomb, Abyss, Pan, Hells, Win
     0 | D:1      | 0 ||| PLANNING D:1-11
   150 | D:1      | Reached skill level 2 in Axes
   155 | D:1      | 155 ||| Stepping ~*~*~tactically~*~*~ (stealth).
   182 | D:1      | Reached XP level 2. HP: 19/19 MP: 2/2
   263 | D:1      | 263 ||| DROPPING +0 club.
   353 | D:1      | Reached skill level 3 in Axes
   374 | D:1      | Reached XP level 3. HP: 23/23 MP: 3/3
   380 | D:1      | 380 ||| Stepping ~*~*~tactically~*~*~ (stealth).
   402 | D:1      | 402 ||| Stepping ~*~*~tactically~*~*~ (hiding).
   583 | D:1      | 583 ||| UPGRADING to ring of see invisible.
   584 | D:1      | 584 ||| UPGRADING to ring of willpower.
   585 | D:1      | 585 ||| READING 2 scrolls labelled IROFAW KESE.
   586 | D:1      | 586 ||| READING scroll labelled CIN CUAMNEEL.
   618 | D:2      | Noticed Jessica
   627 | D:2      | Killed Jessica
   765 | D:2      | Reached XP level 4. HP: 28/28 MP: 4/4
   843 | D:2      | Reached skill level 4 in Axes
   949 | D:2      | Noticed Natasha
   955 | D:2      | Killed Natasha
   957 | D:2      | 957 ||| Stepping ~*~*~tactically~*~*~ (stealth).
   958 | D:2      | 958 ||| Stepping ~*~*~tactically~*~*~ (stealth).
   962 | D:2      | 962 ||| Stepping ~*~*~tactically~*~*~ (stealth).
  1059 | D:2      | Noticed Natasha
  1068 | D:2      | Killed from afar by Natasha

Levels and vault maps discovered:
D:1:      spicycebolla_arrival_xxxplode, layout_rooms
D:2:      layout_basic, serial_shops, nicolae_shop_hallway_plus,
          corexii_hall_statues_x, uniq_jessica, uniq_natasha

Skill      XL: |  1  2  3  4 |
---------------+-------------+-----
Axes           | 2 3 4 |  4.3
Fighting       | |  3.2
Armour         | |  3.2
Shields        | |  3.2

Action                     |  1- 3 |  4- 6 || total
---------------------------+-------+-------++-------
  Melee: War axe           |    82 |    47 ||   129
    Use: Scroll            |     2 |       ||     2
 Armour: Scale mail        |    40 |    25 ||    65
  Dodge: Dodged            |    28 |    25 ||    53
  Block: Buckler           |    17 |     9 ||    26

Table legend:
 A = Non-vault XP
 B = Vault XP
 C = Vault XP percentage of total XP
 D = Non-vault monster count
 E = Vault monster count
 F = Vault count percentage of total count
                 A         B        C        D         E       F
            +---------+---------+-------+---------+---------+-------
      Total |      72 |      70 |  49.3 |      36 |       2 |   5.3
            +---------+---------+-------+---------+---------+-------
        D:1 |      43 |       0 |   0.0 |      26 |       0 |   0.0
        D:2 |      29 |      70 |  70.7 |      10 |       2 |  16.7
            +---------+---------+-------+---------+---------+-------
